 Dungeon Crawl Stone Soup version 0.29.1-12-g30fa7ad0bf (webtiles) character file.

Game seed: 12643101492510940921

51 DildoBatman the Conjurer (level 4, -4/31 (32) HPs)
             Began as a Formicid Conjurer on Jan 10, 2023.
             Killed from afar by an orc wizard (13 damage)
             ... with a bolt of light
             ... on level 4 of the Dungeon.
             The game lasted 00:02:54 (1243 turns).

DildoBatman the Conjurer (Formicid Conjurer)        Turns: 1243, Time: 00:02:54

HP:   -4/31 (32)    AC:  2    Str: 12    XL:     4   Next: 5%
MP:   5/8           EV: 12    Int: 19    God:
Gold: 106           SH:  0    Dex: 12    Spells: 5/8 levels left

rFire   . . .      SeeInvis +   c - +2 dagger (pain)
rCold   . . .      Faith    .   (no shield)
rNeg    . . .      Spirit   .   a - +0 robe
rPois   .          Reflect  .   (helmet unavailable)
rElec   .          Harm     .   (no cloak)
rCorr   .          Rampage  .   (no gloves)
Will    .....                   (no boots)
Stlth   ++........              (no amulet)
HPRegen 0.10/turn               (no ring)
MPRegen 0.11/turn               (no ring)

@: lightly drained
A: permanent stasis, dig shafts and tunnels, antennae 3, four strong arms
a: Dig, Shaft Self


You were on level 4 of the Dungeon.
You visited 1 branch of the dungeon, and saw 4 of its levels.

You collected 106 gold pieces.

Inventory:

Hand Weapons
 c - a +2 dagger of pain (weapon)
 m - a +0 dagger of electrocution
Missiles
 l - 4 stones
Armour
 a - a +0 robe (worn)
Scrolls
 d - a scroll of summoning {unknown}
 e - a scroll of magic mapping {unknown}
 h - a scroll of enchant weapon {unknown}
 i - 2 scrolls of identify {unknown}
 n - 2 scrolls of teleportation {unknown}
Potions
 b - a potion of magic
 f - a potion of attraction {unknown}
 g - a potion of curing {unknown}
 j - 2 potions of invisibility {unknown}
 k - 2 potions of heal wounds {unknown}


   Skills:
 * Level 1.4 Fighting
 * Level 1.5 Armour
 - Level 2.0 Dodging
 - Level 2.4 Stealth
 * Level 2.8 Spellcasting
 * Level 3.9 Conjurations


You had 5 spell levels left.
You knew the following spells:

 Your Spells              Type           Power      Damage    Failure   Level
a - Searing Ray           Conj           34%        2d5       4%          2
c - Magic Dart            Conj           68%        1d6       3%          1

Your spell library contained the following spells:

 Spells                   Type           Power      Damage    Failure   Level
 Dazzling Flash           Conj/Hex       20%        N/A       21%         3
 Frozen Ramparts          Ice            4%         1d1       43%         3
 Fulminant Prism          Conj/Hex       5%         3d7       56%         4
 Iskenderun's Mystic Bla  Conj/Tloc      10%        2d4       56%         4
 Ice Form                 Ice/Tmut       2%         N/A       83%         4
 Summon Ice Beast         Ice/Summ       2%         N/A       83%         4


Dungeon Overview and Level Annotations

Branches:
Dungeon (2/15)

Altars:


Innate Abilities, Weirdness & Mutations

You cannot be hasted, slowed, berserked, paralysed or teleported.
You can dig through walls and to a lower floor.
You have a pair of large antennae on your head. (SInv)
Your four strong arms can wield two-handed weapons with a shield.


Message History

r - Retreat! s - Stop attacking. g - Guard the area. f - Follow me.
Anything else - Cancel.
You shout for attention!
The jackal closely misses you. x2
What are your orders? t - Shout!
Orders for allies: a - Attack new target. r - Retreat! s - Stop attacking. g - Guard the area. f - Follow me.
Anything else - Cancel.
You shout for attention!
The jackal bites you but does no damage.
An orc wizard comes into view.
It is wielding a +0 dagger and carrying a wand of light (6).
What are your orders? t - Shout!
Orders for allies: a - Attack new target. r - Retreat! s - Stop attacking. g - Guard the area. f - Follow me.
Anything else - Cancel.
You shout for attention!
The jackal barely misses you. The orc hits you with a +0 dagger.
The jackal misses you.
The orc wizard zaps a wand.
The bolt of light hits the orc!
The orc dies!
The bolt of light misses you. What are your orders? t - Shout!
Orders for allies: a - Attack new target. r - Retreat! s - Stop attacking. g - Guard the area. f - Follow me.
Anything else - Cancel.
You shout for attention!
The jackal completely misses you. The orc closely misses you.
The orc wizard zaps a wand.
The bolt of light hits you!
You die...

#..# #..# #.<.
... #.. #h# #h#
#@## #)o########
....{o.#........
####.###.#######
#. #.# # #.# #.#
... #.#


You could see an orc wizard, an orc and 2 jackals.

Vanquished Creatures
  An adder (D:2)
  A worm (D:2)
  A dart slug (D:1)
  A ball python (D:1)
  8 bats
  3 endoplasms
  5 goblins (D:1)
  6 hobgoblins
  2 frilled lizards (D:1)
  2 kobolds (D:1)
  4 rats
34 creatures vanquished.

Vanquished Creatures (others)
  An orc (D:4)
1 creature vanquished.

Grand Total: 35 creatures vanquished

Notes
Turn   | Place    | Note
-------+----------+-------------------------------------------
     0 | D:1      | DildoBatman the Formicid Conjurer began the quest for the
                  | Orb.
     0 | D:1      | Reached XP level 1. HP: 13/13 MP: 3/3
   234 | D:1      | Reached XP level 2. HP: 17/20 MP: 1/5
   405 | D:1      | Learned a level 2 spell: Searing Ray
   499 | D:1      | Reached skill level 1 in Armour
   548 | D:1      | Reached XP level 3. HP: 25/25 MP: 2/6
   589 | D:1      | Reached skill level 1 in Fighting
  1209 | D:2      | Reached XP level 4. HP: 25/32 MP: 1/8
  1211 | D:2      | You fall into a shaft and drop 1 floor!
  1227 | D:3      | You fall into a shaft and drop 1 floor!
  1243 | D:4      | Killed from afar by an orc wizard

Illustrated notes

Levels and vault maps discovered:
D:1:      dpeg_arrival_simpleton_b, layout_basic, grunt_decor_cap,
          hex_intersection
D:2:      layout_loops_corners, serial_shops, nicolae_diamond_shop
D:3:      layout_loops_ring, shapermc_ecumenical_altar_notcrosses, serial_shops,
          shop, uniq_jessica
D:4:      layout_loops_ring

Skill      XL: |  1  2  3 |
---------------+----------+-----
Dodging        | 2 |  2.0
Armour         | 1 |  1.5
Fighting       | 1 |  1.4
Stealth        | |  2.4
Spellcasting   | |  2.8
Conjurations   | |  3.9

Action                   |  1- 3 |  4- 6 || total
-------------------------+-------+-------++-------
Melee: Dagger            |    17 |       ||    17
       Unarmed           |     1 |       ||     1
 Cast: Magic Dart        |    54 |       ||    54
       Searing Ray       |     3 |       ||     3
 Abil: Shaft Self        |       |     2 ||     2
       Dig               |       |     1 ||     1
 Stab: Sleeping          |     3 |       ||     3
Armor: Robe              |     2 |     2 ||     4
Dodge: Dodged            |    17 |    18 ||    35
